 Dungeon Crawl Stone Soup version 0.23-a0-169-gb21e69520c (webtiles) character file.

15992 Rrauwl the Blocker (level 12, -7/66 HPs)
             Began as a Gargoyle Fighter on Sept 12, 2018.
             Was a High Priest of the Shining One.
             Killed from afar by an ice dragon (20 damage)
             ... with a blast of cold
             ... on level 2 of the Lair of Beasts.
             The game lasted 00:35:04 (11139 turns).

Rrauwl the Blocker (Gargoyle Fighter)              Turns: 11139, Time: 00:35:05

Health: -7/66      AC: 18    Str: 24    XL:     12   Next: 32%
Magic:  13/15      EV: 12    Int:  9    God:    the Shining One [*****.]
Gold:   415        SH: 24    Dex: 10    Spells: 9/11 levels left

rFire    + . .     SeeInvis +   a - +7 morningstar
rCold    + . .     Gourm    .   x - +3 shield
rNeg     + + +     Faith    .   j - +0 chain mail
rPois    ∞         Spirit   .   (no helmet)
rElec    +         Reflect  .   d - scarf {rC+ rF+}
rCorr    .         Harm     .   (no gloves)
MR       .....                  (no boots)
Stlth    ..........             c - amulet of the acrobat
HPRegen  0.21/turn              g - +4 ring of evasion
MPRegen  0.14/turn              s - ring of see invisible

@: divine shield, glowing
A: negative energy resistance 1, electricity resistance, unbreathing,
petrification resistance, rot immunity, AC +8
a: Divine Shield, Cleansing Flame, Summon Divine Warrior, Renounce Religion


You were on level 2 of the Lair of Beasts.
You worshipped the Shining One.
The Shining One was extremely pleased with you.
You were hungry.

You visited 2 branches of the dungeon, and saw 12 of its levels.

You collected 415 gold pieces.

Inventory:

Hand Weapons
 a - a +7 morningstar (weapon)
 b - a +0 hand crossbow
Missiles
 m - 45 bolts
Armour
 d - a scarf of resistance (worn)
 j - a +0 chain mail (worn)
 x - a +3 shield (worn)
Jewellery
 c - an amulet of the acrobat (around neck)
 g - a +4 ring of evasion (left hand)
 r - an uncursed ring of flight
 s - a ring of see invisible (right hand)
 t - an uncursed ring of resist corrosion
Wands
 n - a wand of paralysis (12)
 w - a wand of flame (45)
Scrolls
 h - 5 scrolls of teleportation
 i - 12 scrolls of identify
 k - a scroll of fog
 y - 3 scrolls of remove curse
Potions
 l - 2 potions of brilliance
 u - 4 potions of curing
Comestibles
 e - 21 rations
 f - 3 chunks of flesh


   Skills:
 - Level 4.0 Fighting
 + Level 12.7 Maces & Flails
 + Level 5.1 Crossbows
 - Level 4.0 Armour
 - Level 2.1 Dodging
 + Level 13.9 Shields
 - Level 4.0 Invocations


You had 9 spell levels left.
You knew the following spells:

 Your Spells              Type           Power        Failure   Level  Hunger
a - Passwall              Tmut/Erth      #.......     99%         2    ###....

Your spell library contained the following spells:

 Spells                   Type           Power        Failure   Level  Hunger
 Flame Tongue             Conj/Fire      #....        97%         1    ##.....
 Sandblast                Erth           #.....       97%         1    ##.....
 Sting                    Conj/Pois      #...         97%         1    ##.....
 Poisonous Vapours        Pois/Air       #.....       99%         2    ###....
 Throw Flame              Conj/Fire      #.....       99%         2    ###....
 Conjure Flame            Conj/Fire      #.......     100%        3    ####...
 Inner Flame              Hex/Fire       #.......     100%        3    ####...
 Mephitic Cloud           Conj/Pois/Air  #.......     100%        3    ####...
 Stone Arrow              Conj/Erth      #.....       100%        3    ####...
 Olgreb's Toxic Radiance  Pois           #.......     100%        4    #####..
 Petrify                  Tmut/Erth      #.......     100%        4    #####..
 Sticky Flame             Conj/Fire      #.......     100%        4    #####..
 Fireball                 Conj/Fire      #.........   100%        5    ######.
 Lee's Rapid Deconstruct  Erth           #.........   100%        5    ######.
 Venom Bolt               Conj/Pois      #.........   100%        5    ######.


Dungeon Overview and Level Annotations

Branches:
Dungeon (10/15)            Temple (0/1) D:4            Lair (2/6) D:8
  Swamp: Lair:2-4    Shoals: Lair:2-4     Snake: Lair:2-4    Spider: Lair:2-4
    Orc: D:9-12

Altars:
Hepliaklqana
Okawaru
Ru
Sif Muna
Vehumet
Xom
The Shining One

Shops:
D:4 (   D:10 [

Annotations:
Lair:2 exclusion: ice statue


Innate Abilities, Weirdness & Mutations

You are resistant to torment.
Your stone body is resilient. (AC +8)
You are immune to poison.
You resist negative energy. (rN+)
You are resistant to electric shocks. (rElec)
You can survive without breathing.
You are immune to petrification.
You are immune to rotting.


Message History

You block the polar bear's attack. x2
The polar bear claws you but does no damage.
You hit the ice dragon but do no damage.
The ice dragon is almost dead.
The ice dragon bites you.
* * * LOW HITPOINT WARNING * * *
The ice dragon closely misses you. You block the ice dragon's attack.
You block the polar bear's attack. The polar bear barely misses you.
You block the polar bear's attack.
You puncture the ice dragon!
The ice dragon is almost dead.
You block the ice dragon's attack. The ice dragon barely misses you.
You block the ice dragon's attack.
Unknown command.
You hit the ice dragon.
The ice dragon is almost dead.
You block the polar bear's attack. x2; The polar bear barely misses you.
The ice dragon breathes frost at you. The blast of cold hits you! You resist.
You die...

#..≈≈≈≈≈≈≈≈≈≈≈≈≈...#
##..≈≈≈≈≈≈≈≈≈≈≈≈≈..#
##.≈..≈.≈≈≈≈≈≈≈.≈.≈≈##
#..≈≈≈...≈≈≈≈≈...≈...##
.≈.≈≈..≈.≈.≈≈≈.≈≈≈....
#.≈≈≈≈.≈.....≈≈≈≈..##
#⌠.≈≈.5.Y....≈≈..⌠..#
.###..≈hD#..###≈#......
........@#### ###..#..#
...###...P# .## ## ##
####...# # #.....###
#.<.....# #...........
##.##.....## ...
.#..... .#.. .###...


You could see an ice dragon, a polar bear and a white imp.

Vanquished Creatures
  An unseen horror (D:10)
  Pikel (D:4)
  The ghost of feamirim the Carver, a novice MiFi (D:6)
  A gargoyle (D:10)
  2 spiny frogs (Lair:1)
  A komodo dragon (Lair:1)
  2 trolls (D:10)
  9 blink frogs (Lair:1)
  Grinder (D:4)
  3 hippogriffs
  5 yaks (D:10)
  A hungry ghost (D:10)
  A wyvern (D:8)
  Edmund (D:4)
  2 wargs (D:8)
  2 water moccasins
  4 orc warriors
  10 ice beasts
  4 sky beasts
  A necrophage (D:7)
  A black bear (D:8)
  A phantom (D:9)
  2 ogres
  8 centaurs
  2 big kobolds
  2 crocodiles (Lair:1)
  5 bullfrogs
  A gnoll sergeant (D:8)
  A wyvern skeleton (D:6)
  4 scorpions
  53 killer bees
  21 wights
  2 howler monkeys
  3 jellies
  A bullfrog zombie (D:7)
  4 crimson imps
  4 quasits (D:6)
  A centaur skeleton (D:2)
  9 orc priests
  Crazy Yiuf (D:2)
  11 hounds
  A bullfrog skeleton (D:8)
  Jessica (D:3)
  Terence (D:3)
  An iguana (D:8)
  19 orc wizards
  7 worker ants
  2 hound zombies
  A worker ant zombie (D:8)
  8 adders
  7 gnolls
  8 river rats
  2 shadow imps
  2 white imps (Lair:2)
  An ooze (D:1)
  2 adder skeletons
  A worm (D:5)
  3 dart slugs
  6 leopard geckos
  54 orcs
  A ball python (D:4)
  5 giant cockroaches
  4 goblins
  5 hobgoblins
  14 jackals
  10 kobolds
  4 quokkas
  10 bats
  4 frilled lizards
  A jackal skeleton (D:4)
  2 quokka skeletons (D:6)
  21 rats
398 creatures vanquished.

Vanquished Creatures (others)
  A polar bear (Lair:2)
  A plant (Lair:1)
2 creatures vanquished.

Grand Total: 400 creatures vanquished

Notes
Turn   | Place    | Note
-------+----------+-------------------------------------------
     0 | D:1      | Rrauwl the Gargoyle Fighter began the quest for the Orb.
     0 | D:1      | Reached XP level 1. HP: 14/14 MP: 1/1
   188 | D:1      | Reached XP level 2. HP: 19/19 MP: 2/2
   799 | D:1      | Reached XP level 3. HP: 22/23 MP: 3/3
   936 | D:2      | Noticed a sky beast
   954 | D:1      | Killed a sky beast
   954 | D:1      | Reached skill level 1 in Dodging
   954 | D:1      | Reached skill level 4 in Shields
   954 | D:1      | Reached XP level 4. HP: 7/29 MP: 4/4
  1212 | D:2      | Reached XP level 5. HP: 33/33 MP: 5/5
  1646 | D:2      | Found a runed door.
  1650 | D:2      | Noticed Crazy Yiuf
  1663 | D:2      | Killed Crazy Yiuf
  1663 | D:2      | Reached XP level 6. HP: 23/38 MP: 6/6
  1830 | D:2      | Found a sacrificial altar of Ru.
  2127 | D:3      | Found a faded altar of an unknown god.
  2149 | D:3      | Became a worshipper of the Shining One
  2149 | D:3      | Reached * piety under the Shining One
  2273 | D:3      | Noticed Jessica
  2280 | D:3      | Killed Jessica
  2280 | D:3      | Reached skill level 5 in Shields
  2350 | D:3      | Noticed Terence
  2365 | D:3      | Killed Terence
  2744 | D:3      | Reached XP level 7. HP: 37/43 MP: 7/7
  3083 | D:4      | Noticed Edmund
  3097 | D:4      | Killed Edmund
  3097 | D:4      | Reached skill level 5 in Maces & Flails
  3097 | D:4      | Reached skill level 6 in Shields
  3154 | D:4      | Found a shimmering altar of Xom.
  3157 | D:4      | Found a deep blue altar of Sif Muna.
  3162 | D:4      | Found a radiant altar of Vehumet.
  3205 | D:4      | Reached ** piety under the Shining One
  3323 | D:4      | Noticed Grinder
  3334 | D:4      | Killed Grinder
  3334 | D:4      | Reached skill level 7 in Shields
  3334 | D:4      | Reached XP level 8. HP: 38/48 MP: 8/8
  3417 | D:4      | Found a staircase to the Ecumenical Temple.
  3417 | D:4      | Noticed Pikel
  3447 | D:4      | Killed Pikel
  3447 | D:4      | Reached skill level 8 in Shields
  3659 | D:4      | Found Kisor's Weapon Boutique.
  3685 | D:5      | Entered Level 5 of the Dungeon
  3784 | D:5      | Reached XP level 9. HP: 28/52 MP: 9/9
  3914 | D:5      | Reached skill level 9 in Shields
  3939 | D:5      | Found a glowing golden altar of the Shining One.
  4676 | D:6      | Reached skill level 1 in Invocations
  4691 | D:6      | Found a transporter.
  4815 | D:6      | Reached *** piety under the Shining One
  4960 | D:5      | Reached skill level 10 in Shields
  5194 | D:6      | Found an iron altar of Okawaru.
  5302 | D:6      | Found a transporter.
  5304 | D:6      | Noticed feamirim's ghost (novice MiFi)
  5696 | D:6      | Killed feamirim's ghost
  5696 | D:6      | Reached XP level 10. HP: 38/56 MP: 12/12
  5714 | D:6      | Learned a level 2 spell: Passwall
  6261 | D:7      | Reached skill level 11 in Shields
  6331 | D:7      | Reached **** piety under the Shining One
  6411 | D:7      | Found a hazy altar of Hepliaklqana.
  6499 | D:7      | Reached skill level 10 in Maces & Flails
  7634 | D:8      | Reached skill level 12 in Shields
  7707 | D:8      | Reached XP level 11. HP: 50/61 MP: 14/14
  8453 | D:8      | Found a staircase to the Lair.
  8807 | D:8      | Reached ***** piety under the Shining One
  9284 | D:10     | Entered Level 10 of the Dungeon
  9299 | D:10     | Noticed an unseen horror
  9331 | D:10     | Killed an unseen horror
  9331 | D:10     | Reached skill level 1 in Crossbows
  9331 | D:10     | Reached skill level 13 in Shields
 10138 | D:10     | Found Nompoelo's Antique Armour Shoppe.
 10297 | Lair:1   | Entered Level 1 of the Lair of Beasts
 10410 | Lair:1   | Reached XP level 12. HP: 63/66 MP: 15/15
 11080 | Lair:2   | Reached skill level 5 in Crossbows
 11101 | Lair:2   | Noticed an ice dragon
 11139 | Lair:2   | Killed from afar by an ice dragon

Vault maps used:
D:1:      dpeg_arrival_connections
D:2:      nicolae_ru_the_path_less_chosen, first_ration, uniq_crazy_yiuf_cottage
D:3:      chequers_ecumenical_altar_island, uniq_terence, uniq_jessica
D:4:      grunt_temple_overflow_diamond, minmay_temple_entry_steel_oval,
          serial_shops, nicolae_shop_window_shopping, uniq_grinder, uniq_pikel,
          uniq_edmund
D:5:      tso_altar, gup_sewer_entry_spiral
D:6:      okawaru_gym_becter, gammafunk_ghost_stat_death, dk_rats_in_the_wall
D:7:      basic_altar
D:8:      wad_woods_minihive, erik_lair_orcish_takeover
D:9:      blue_anna_alchemist
D:10:     serial_shops, nicolae_shop_crystal, grunt_ministairs_6
Lair:2:   swamp_mist, enter_volcano_4, ice2_lemuel, grunt_megastairs_4

Skill      XL: |  1  2  3  4  5  6  7  8  9 10 11 12 |
---------------+-------------------------------------+-----
Fighting       | 4 |  4.0
Armour         | 4 |  4.0
Dodging        | 1 2 |  2.1
Shields        | 4 5 7 8 10 12 13 | 13.9
Maces & Flails | 3 4 5 7 9 10 12 | 12.7
Invocations    | 3 4 |  4.0
Crossbows      | 3 5 |  5.1

Action                   |  1- 3 |  4- 6 |  7- 9 | 10-12 || total
-------------------------+-------+-------+-------+-------++-------
Melee: Flail             |    66 |    58 |       |   460 ||   584
       Whip              |       |    67 |   423 |   112 ||   602
       Mace              |       |   106 |    39 |       ||   145
       Morningstar       |       |       |    63 |   319 ||   382
 Fire: Hand crossbow     |       |       |       |     5 ||     5
Invok: Divine Shield     |       |       |     4 |     3 ||     7
Evoke: Wand              |       |       |     1 |     6 ||     7
  Use: Potion            |     2 |     1 |     4 |     6 ||    13
       Scroll            |       |     5 |     2 |     9 ||    16
  Eat: Ration            |       |     1 |     1 |       ||     2
       Chunk             |       |     3 |     9 |    17 ||    29
Armor: Scale mail        |    34 |    89 |    25 |       ||   148
       Ring mail         |       |       |    82 |    60 ||   142
       Chain mail        |       |       |       |   292 ||   292
Dodge: Dodged            |     9 |    71 |   107 |   253 ||   440
Block: Shield            |    26 |   118 |   232 |   744 ||  1120

Table legend:
 A = Non-vault XP
 B = Vault XP
 C = Vault XP percentage of total XP
 D = Non-vault monster count
 E = Vault monster count
 F = Vault count percentage of total count
                 A         B        C        D         E       F
            +---------+---------+-------+---------+---------+-------
      Total |   16293 |    6553 |  28.7 |     293 |     106 |  26.6
            +---------+---------+-------+---------+---------+-------
        D:1 |     162 |       0 |   0.0 |      16 |       0 |   0.0
        D:2 |     142 |      41 |  22.4 |      31 |       1 |   3.1
        D:3 |     359 |      73 |  16.9 |      30 |       2 |   6.2
        D:4 |     407 |    1024 |  71.6 |      23 |       3 |  11.5
        D:5 |    1011 |      36 |   3.4 |      32 |       5 |  13.5
        D:6 |    1258 |     741 |  37.1 |      21 |      26 |  55.3
        D:7 |    1553 |      59 |   3.7 |      23 |       1 |   4.2
        D:8 |    1630 |    3610 |  68.9 |      33 |      56 |  62.9
        D:9 |    1142 |     106 |   8.5 |      25 |       1 |   3.8
       D:10 |    4784 |      22 |   0.5 |      44 |       2 |   4.3
     Lair:1 |    3845 |       0 |   0.0 |      15 |       0 |   0.0
     Lair:2 |       0 |     841 | 100.0 |       0 |       9 | 100.0
            +---------+---------+-------+---------+---------+-------
